 Dungeon Crawl Stone Soup version 0.29-a0-271-gd4eb659eea (webtiles) character file.

Game seed: 15022172901522087648

60 Hubjo the Sneak (level 3, -1/24 HPs)
             Began as a Vampire Enchanter on Mar 8, 2022.
             Slain by a worm (8 damage)
             ... on level 2 of the Dungeon.
             The game lasted 00:02:42 (1229 turns).

Hubjo the Sneak (Vampire Enchanter)                 Turns: 1229, Time: 00:02:42

Health: -1/24      AC:  5    Str:  7    XL:     3   Next: 80%
Magic:  15/15      EV: 13    Int: 17    God:
Gold:   69         SH:  0    Dex: 16    Spells: 1/6 levels left

rFire   . . .      SeeInvis +   a - +1 dagger
rCold   . . .      Faith    .   (no shield)
rNeg    . . .      Spirit   .   b - +0 robe
rPois   .          Reflect  .   (no helmet)
rElec   .          Harm     .   i - +2 cloak
rCorr   .          Rampage  .   (no gloves)
Will    .....                   (no boots)
Stlth   +++.......              (no amulet)
HPRegen 0.28/turn               m - ring of magical power
MPRegen 0.14/turn               (no ring)

@: healing quickly
A: alive, fangs 3, see invisible, vampiric 2
a: Exsanguinate


You were on level 2 of the Dungeon.
You visited 1 branch of the dungeon, and saw 4 of its levels.

You collected 69 gold pieces.

Inventory:

Hand Weapons
 a - a +1 dagger (weapon)
Armour
 b - a +0 robe (worn)
 i - a +2 cloak (worn)
Jewellery
 m - a ring of magical power (left hand)
Scrolls
 d - a scroll of brand weapon {unknown}
 g - a scroll of identify
 h - a scroll of blinking
 j - 2 scrolls of magic mapping
 k - a scroll of enchant armour
 l - a scroll of immolation {unknown}
Potions
 c - 3 potions of invisibility
 e - a potion of mutation {unknown}
 f - 3 potions of curing
 n - a potion of heal wounds {unknown}
 o - 2 potions of attraction {unknown}


   Skills:
 + Level 2.0 Short Blades
 + Level 2.8 Dodging
 + Level 5.1 Stealth
 + Level 2.4 Spellcasting
 + Level 5.0 Hexes


You had one spell level left.
You knew the following spells:

 Your Spells              Type           Power      Damage    Failure   Level
a - Tukima's Dance        Hex            19%        N/A       7%          3
b - Ensorcelled Hibernat  Hex/Ice        20%        N/A       10%         2

Your spell library contained the following spells:

 Spells                   Type           Power      Damage    Failure   Level
 Confusing Touch          Hex            19%        N/A       7%          3
 Dazzling Flash           Conj/Hex       20%        N/A       21%         3
 Fulminant Prism          Conj/Hex       5%         3d7       54%         4
 Iskenderun's Mystic Bla  Conj/Tloc      2%         2d3       88%         4
 Lee's Rapid Deconstruct  Erth           1%         3d5*      99%         5


Dungeon Overview and Level Annotations

Branches:
Dungeon (4/15)
 Temple: D:4-7

Altars:
The Shining One


Innate Abilities, Weirdness & Mutations

Your natural rate of healing is accelerated.
You have razor-sharp teeth.
You have supernaturally acute eyesight. (SInv)
You are afflicted with vampirism and can become a bat while bloodless.


Message History

The worm closely misses you.
You hit the worm.
The worm is moderately wounded.
The worm bites you!
You are too injured to fight recklessly!
You are too injured to fight recklessly!
You are too injured to fight recklessly!
You are too injured to fight recklessly!
You are too injured to fight recklessly!
You are too injured to fight recklessly!
You are too injured to fight recklessly!
You are too injured to fight recklessly!
You hit the worm.
The worm is moderately wounded.
The worm bites you.
You barely miss the worm. You bite the worm.
The worm is moderately wounded.
You hit the worm.
The worm is heavily wounded.
The worm completely misses you.
You hit the worm.
The worm is severely wounded.
You completely miss the worm.
The worm is severely wounded.
The worm bites you.
* * * LOW HITPOINT WARNING * * *
You completely miss the worm.
The worm is severely wounded.
You hit the worm. Your bite misses the worm.
The worm is severely wounded.
The worm barely misses you.
You barely miss the worm.
The worm is severely wounded.
The worm bites you but does no damage.
You hit the worm.
The worm is severely wounded.
You hit the worm.
The worm is severely wounded.
The worm bites you!
You die...

..# #.# ##.#####
.......# #######
.#.###.#####.....#
.#.# #.......###.#
...########### #.#
....# ##.## .>#.#
#w@.# #..|# #..#.#
##.## .. #.. .#
...# .... #.# ##
##.##..... #.
#......... #.
<..##..... #. #.##
.... #.# ...


You could see a worm.

Vanquished Creatures
  3 adders (D:2)
  A dart slug (D:2)
  6 endoplasms
  3 giant cockroaches
  3 hobgoblins (D:1)
  2 jackals (D:1)
  2 ball pythons (D:1)
  3 bats
  3 frilled lizards
  2 goblins
  3 rats
31 creatures vanquished.

Notes
Turn   | Place    | Note
-------+----------+-------------------------------------------
     0 | D:1      | Hubjo the Vampire Enchanter began the quest for the Orb.
     0 | D:1      | Reached XP level 1. HP: 13/13 MP: 3/3
   286 | D:1      | Reached XP level 2. HP: 16/19 MP: 5/5
   891 | D:2      | Gained mutation: You are afflicted with vampirism and can
                  | become a bat while bloodless. [Vampire growth]
   891 | D:2      | Reached XP level 3. HP: 18/24 MP: 6/6
   903 | D:2      | Reached skill level 5 in Stealth
   927 | D:2      | Found a faded altar of an unknown god.
   934 | D:2      | You fall into a shaft and drop 2 floors!
   971 | D:2      | Learned a level 3 spell: Tukima's Dance
   974 | D:2      | Learned a level 2 spell: Ensorcelled Hibernation
  1091 | D:2      | Reached skill level 5 in Hexes
  1229 | D:2      | Slain by a worm

Illustrated notes

Levels and vault maps discovered:
D:1:      spicycebolla_arrival_teleporter_tutorial, layout_loops_ring,
          minmay_tetromino_o2
D:2:      layout_loops_cross, basic_altar, ebering_ecumenical_altar_mist
D:3:      layout_rooms, serial_shops, nicolae_shop_bloodbath_and_beyond,
          kennysheep_cross_bottleneck, minmay_checkerbox
D:4:      layout_layer_cave, kennysheep_little_box, lemuel_tele_altar,
          okawaru_metal_pillars_3, uniq_robin

Skill      XL: |  1  2  3 |
---------------+----------+-----
Stealth        | 5 |  5.1
Hexes          | 5 |  5.0
Short Blades   | 2 |  2.0
Dodging        | |  2.8
Spellcasting   | |  2.4

Action                   || total
-------------------------++-------
Melee: Dagger            ||   131
       Bite              ||     8
       Punch             ||     2
  Use: Scroll            ||     4
 Stab: Sleeping          ||     6
       Distracted        ||     1
Armor: Robe              ||    29
Dodge: Dodged            ||    66

Table legend: (Time is in decaauts)
 A = Elapsed time spent in this place.
 B = Non-inter-level travel time spent in this place.
 C = Inter-level travel time spent in this place.
 D = Time resting spent in this place.
 E = Time spent auto-exploring this place.
 F = Levels seen in this place.
 G = Mean time per level.
                   A        B        C        D        E       F      G
               +--------+--------+--------+--------+--------+-----+--------+
         Total |   1219 |   1219 |      0 |      0 |    899 |   4 |  304.8 |
       Dungeon |   1219 |   1219 |      0 |      0 |    899 |   4 |  304.8 |
               +--------+--------+--------+--------+--------+-----+--------+

Top non-repeatable levels by time:
     D:1: 722 daAuts
     D:2: 471 daAuts
     D:4: 18 daAuts
     D:3: 5 daAuts
